 Dungeon Crawl Stone Soup version 0.25.1-1-g288607f5aa (webtiles) character file.

Game seed: 4446039428923175329

2514 nikku the Cleaver (level 9, -1/82 HPs)
             Began as a Minotaur Berserker on July 19, 2020.
             Was a Priest of Trog.
             Slain by a wight
             ... wielding a cursed +2 flail
              (3 damage)
             ... on level 7 of the Dungeon.
             The game lasted 00:20:37 (6086 turns).

nikku the Cleaver (Minotaur Berserker)              Turns: 6086, Time: 00:20:37

Health: -1/82      AC: 12    Str: 25    XL:     9   Next: 29%
Magic:  0/8        EV:  7    Int:  4    God:    Trog [***...]
Gold:   352        SH: 12    Dex: 10    Spells: 8/8 levels left

rFire    + . .     SeeInvis +   y - +1 hand axe "Siumasomp" {protect, +Rage rF+ Stlth+}
rCold    . . .     Gourm    .   f - +1 kite shield
rNeg     . . .     Faith    .   o - +0 chain mail
rPois    .         Spirit   +   (helmet restricted)
rElec    .         Reflect  .   h - +0 cloak
rCorr    .         Harm     .   (no gloves)
MR       .....                  (no boots)
Stlth    ..........             b - amulet of guardian spirit
HPRegen  0.23/turn              e - ring of see invisible
MPRegen  0.11/turn              (no ring)

@: no status effects
A: retaliatory headbutt, horns 2
a: Berserk, Trog's Hand, Renounce Religion, Evoke Berserk Rage


You were on level 7 of the Dungeon.
You worshipped Trog.
Trog was most pleased with you.
You were near starving.

You visited 1 branch of the dungeon, and saw 8 of its levels.

You collected 352 gold pieces.

Inventory:

Hand Weapons
 y - the +1 hand axe "Siumasomp" (weapon) {protect, +Rage rF+ Stlth+}
   (You found it on level 5 of the Dungeon)

   It grants its wielder temporary protection when it strikes (+7 to AC).
   It protects you from fire.
   It lets you go berserk.
   It makes you more stealthy.
Missiles
 k - 15 boomerangs (quivered)
 q - 3 poisoned darts
Armour
 f - a +1 kite shield (worn)
 h - a +0 cloak (worn)
 o - a +0 chain mail (worn)
 v - a +0 plate armour
Jewellery
 b - an amulet of guardian spirit (around neck)
 e - a ring of see invisible (left hand)
Wands
 i - a wand of digging (14)
Scrolls
 n - a scroll of fog
 s - 5 scrolls of remove curse
 t - 3 scrolls of teleportation
 w - a scroll of magic mapping
 x - a scroll of blinking
 z - a scroll of fear
 B - a scroll of enchant weapon
Potions
 d - a potion of mutation
 g - 2 potions of might
 j - a potion of magic {unknown}
 l - 2 potions of cancellation
 m - 2 potions of degeneration {unknown}
 p - 3 potions of lignification
 r - a potion of brilliance {unknown}
 u - 2 potions of curing {unknown}
 A - a potion of flight {unknown}
Comestibles
 c - 7 rations


   Skills:
 + Level 8.4 Fighting
 + Level 8.5 Axes
 * Level 8.4 Armour
 - Level 2.1 Dodging
 * Level 6.6 Shields


You had 8 spell levels left.
You didn't know any spells.
Your spell library was empty.

Dungeon Overview and Level Annotations

Branches:
Dungeon (8/15)             Temple (0/1) D:5
   Lair: D:8-11

Altars:
Ashenzari
Gozag
Kikubaaqudgha
Ru
Vehumet
Zin

Shops:
D:7 **

Annotations:
D:5 1 runed translucent door, IHuginn's ghost, amateur DsGl


Innate Abilities, Weirdness & Mutations

You reflexively headbutt those who attack you in melee.
You have a pair of horns on your head.


Message History

You are too injured to fight recklessly!
A red ugly thing comes into view.
The red ugly thing gurgles horribly!
The cyan ugly thing pecks you. The cyan ugly thing shocks you!
* * * LOW HITPOINT WARNING * * *
There is a stone staircase leading up, spattered with blood here.
You block the cyan ugly thing's attack.
You climb upwards.
There is a stone staircase leading down here.
As you read the scroll of teleportation, it crumbles to dust.
You feel strangely unstable. You block the cyan ugly thing's attack.
The cyan ugly thing pecks you!
* * * LOW HITPOINT WARNING * * *
The cyan ugly thing shocks you!
* * * LOW HITPOINT WARNING * * *
Your surroundings seem slightly different.
A wight comes into view. It is wielding a +2 flail.
A wight comes into view. It is wielding a +0 morningstar.
The wight hits you with a cursed +2 flail.
You die...

#.#.# #.............###...#.###
#.#.# #.........###.##..#>..#
#.#.# #.........# #.##.###..#
#.#.#####..#.z.##.# #.##..#...#
#.#....##..#...##.# #.###...#.#
#.####.##..#...##.###ยง####.##.#
#...........##......u..###.##.###
#.####.##......z...##..##........
#.# #.###..##..@#.........##....
#.# #.# #..##.#...##.>##.###.##.
#.# #.###..##.##.###..##.# #.##.
#.# #.....(...##.###..##.###.##.
#.# ###.#.......................
#.######.##.##.#######...........
#..............# ####.###....
#.######.##.##.# #.# ####.
#.######.##.##.# #.######.


You could see a cyan ugly thing and 2 wights.

Vanquished Creatures
  A queen bee (shapeshifter) (D:8)
  Prince Ribbit (D:6)
  Duvessa (D:6)
  An orc warrior (D:7)
  2 phantoms (D:7)
  3 ogres
  2 ice beasts (D:7)
  A centaur (D:6)
  A bullfrog (D:7)
  Dowan (D:6)
  A killer bee (D:8)
  4 wights
  3 vampire bats (D:6)
  2 howler monkeys
  A crimson imp (D:5)
  A quasit (D:8)
  A hound (D:5)
  4 orc priests
  Crazy Yiuf (D:6)
  Jessica (D:3)
  An iguana (D:6)
  3 orc wizards
  2 worker ants
  Robin (D:2)
  3 gnolls (D:2)
  9 adders
  An ooze (D:2)
  2 worms
  3 dart slugs
  3 leopard geckos
  18 orcs
  2 ball pythons
  6 bats
  2 bat skeletons (D:6)
  3 bat zombies (D:6)
  4 giant cockroaches
  15 goblins
  10 hobgoblins
  17 jackals
  6 kobolds
  A quokka (D:7)
  3 frilled lizards
  8 rats
156 creatures vanquished.

Vanquished Creatures (others)
  An orc (D:3)
  A hobgoblin (D:3)
  A bat (D:3)
3 creatures vanquished.

Grand Total: 159 creatures vanquished

Notes
Turn   | Place    | Note
-------+----------+-------------------------------------------
     0 | D:1      | nikku the Minotaur Berserker began the quest for the Orb.
     0 | D:1      | Reached XP level 1. HP: 19/19 MP: 0/0
   234 | D:1      | Reached XP level 2. HP: 27/27 MP: 1/1
   936 | D:1      | Reached XP level 3. HP: 33/33 MP: 2/2
  1139 | D:2      | Reached ** piety under Trog
  1156 | D:2      | Reached XP level 4. HP: 30/41 MP: 3/3
  1531 | D:2      | Noticed Robin
  1542 | D:2      | Killed Robin
  1937 | D:2      | Found a sacrificial altar of Ru.
  2118 | D:3      | Reached XP level 5. HP: 47/47 MP: 4/4
  2148 | D:3      | Reached skill level 5 in Axes
  2281 | D:3      | Found a radiant altar of Vehumet.
  2324 | D:3      | Reached skill level 5 in Fighting
  2441 | D:3      | Noticed Jessica
  2454 | D:3      | Killed Jessica
  2758 | D:3      | Reached XP level 6. HP: 56/56 MP: 5/5
  2929 | D:4      | Reached *** piety under Trog
  3511 | D:5      | Entered Level 5 of the Dungeon
  3564 | D:5      | Found a staircase to the Ecumenical Temple.
  3578 | D:5      | Reached skill level 5 in Armour
  3586 | D:5      | Reached skill level 1 in Shields
  3778 | D:5      | Found a runed translucent door.
  3778 | D:5      | Noticed IHuginn's ghost (amateur DsGl)
  3783 | D:5      | Got an ichor-stained hand axe
  3784 | D:5      | Identified the cursed +1 hand axe "Siumasomp" {protect,
                  | +Rage rF+ Stlth+} (You found it on level 5 of the Dungeon)
  3837 | D:5      | Found a shattered altar of Ashenzari.
  3977 | D:5      | Reached XP level 7. HP: 63/63 MP: 4/6
  4181 | D:6      | Noticed Prince Ribbit
  4184 | D:6      | Noticed Dowan
  4185 | D:6      | Noticed Duvessa
  4189 | D:6      | Killed Prince Ribbit
  4196 | D:6      | Killed Duvessa
  4203 | D:6      | Killed Dowan
  4329 | D:6      | Reached XP level 8. HP: 73/73 MP: 7/7
  4561 | D:6      | Found an opulent altar of Gozag.
  4708 | D:6      | Found an ancient bone altar of Kikubaaqudgha.
  4915 | D:6      | Found a sacrificial altar of Ru.
  4915 | D:6      | Found a glowing silver altar of Zin.
  4951 | D:6      | Found a runed translucent door.
  4952 | D:6      | Noticed Crazy Yiuf
  4958 | D:6      | Killed Crazy Yiuf
  5038 | D:7      | Reached skill level 5 in Shields
  5389 | D:7      | Found Bechul's Assorted Antiques.
  5571 | D:7      | Reached XP level 9. HP: 73/81 MP: 6/8
  5734 | D:7      | Found Cegrutseg's General Store.
  5948 | D:8      | Noticed a queen bee
  5948 | D:8      | a hog changed into a queen bee
  5959 | D:8      | Killed a queen bee
  6049 | D:8      | Noticed a cyan ugly thing
  6065 | D:8      | Noticed a red ugly thing
  6081 | D:7      | HP: 1/82 [cyan ugly thing (12)]
  6086 | D:7      | Slain by a wight

Illustrated notes

Levels and vault maps discovered:
D:1:      dpeg_arrival_court, layout_basic
D:2:      layout_basic, nicolae_ru_the_path_less_chosen, uniq_robin
D:3:      layout_loops_ring, fiery_altar_vehumet, first_ration,
          serial_bayou_ford_a, uniq_jessica
D:4:      layout_basic
D:5:      layout_rooms, minmay_temple_entry_butterflies,
          ebering_ghost_reflecting_pool, ashenzari_altar_1
D:6:      layout_loops_cross, kennysheep_vampire_church,
          gammafunk_temple_overflow_wave,
          nicolae_gozag_cash_rules_everything_around_me, uniq_duvessa,
          uniq_crazy_yiuf_cottage, uniq_prince_ribbit1
D:7:      layout_loops_ring, serial_shops, nicolae_shop_trees,
          nicolae_shop_stone
D:8:      minmay_diamond_stairs, layout_basic, hellmonk_ghost_happy_afterlife

Skill      XL: |  1  2  3  4  5  6  7  8  9 |
---------------+----------------------------+-----
Fighting       | 4 5 6 7 8 |  8.4
Axes           | 4 5 6 7 8 |  8.5
Armour         | 3 4 5 6 7 8 |  8.4
Shields        | 2 3 5 6 |  6.6
Dodging        | |  2.1

Action                   |  1- 3 |  4- 6 |  7- 9 || total
-------------------------+-------+-------+-------++-------
Melee: Hand axe          |    61 |   135 |   237 ||   433
       Headbutt          |    10 |    22 |    41 ||    73
Throw: Boomerang         |       |       |    21 ||    21
Invok: Trog's Hand       |       |     4 |     4 ||     8
       Berserk           |       |     3 |     3 ||     6
  Use: Scroll            |     3 |    12 |     5 ||    20
  Eat: Chunk             |     1 |     8 |     8 ||    17
       Ration            |       |     1 |     1 ||     2
Armor: Ring mail         |    19 |    15 |       ||    34
       Scale mail        |       |    26 |       ||    26
       Chain mail        |       |    15 |    82 ||    97
Dodge: Dodged            |    30 |    83 |    64 ||   177
Block: Kite shield       |       |     8 |   114 ||   122
